 Dungeon Crawl Stone Soup version 0.26-a0-580-g4860111 (webtiles) character file.

Game seed: 16960401739086868912

30 Hazorath the Sneak (level 3, -4/22 HPs)
             Began as a Kobold Brigand on Aug 24, 2020.
             Hit by a boomerang thrown by an orc (7 damage)
             ... on level 3 of the Dungeon.
             The game lasted 00:02:00 (206 turns).

Hazorath the Sneak (Kobold Brigand)                  Turns: 206, Time: 00:02:00

Health: -4/22      AC:  3    Str:  8    XL:     3   Next: 35%
Magic:  3/3        EV: 14    Int: 12    God:
Gold:   8          SH:  0    Dex: 17    Spells: 2/2 levels left

rFire    . . .     SeeInvis .   a - +2 dagger
rCold    . . .     Faith    .   (shield restricted)
rNeg     . . .     Spirit   .   b - +0 robe
rPois    .         Reflect  .   (no helmet)
rElec    .         Harm     .   c - +0 cloak
rCorr    .                      (no gloves)
MR       .....                  (no boots)
Stlth    ++++......             (no amulet)
HPRegen  0.07/turn              (no ring)
MPRegen  0.08/turn              (no ring)

@: no status effects
A: small, nightstalker 3
a: no special abilities


You were on level 3 of the Dungeon.
You visited 1 branch of the dungeon, and saw 3 of its levels.

You collected 8 gold pieces.

Inventory:

Hand Weapons
 a - a +2 dagger (weapon)
Armour
 b - a +0 robe (worn)
 c - a +0 cloak (worn)
Scrolls
 f - a scroll of enchant armour {unknown}
 g - 2 scrolls of teleportation {unknown}


   Skills:
 * Level 2.8 Fighting
 * Level 3.3 Short Blades
 * Level 2.8 Throwing
 + Level 1.7 Dodging
 - Level 5.3 Stealth


You had 2 spell levels left.
You didn't know any spells.
Your spell library was empty.

Dungeon Overview and Level Annotations

Branches:
Dungeon (3/15)

Altars:


Innate Abilities, Weirdness & Mutations

You are small and have problems with some larger weapons.
You are completely attuned to the shadows.


Message History

Okay, then.
You aren't carrying any potions.
Okay, then.
The orc closely misses you.
The orc throws a boomerang.
The boomerang barely misses you.
The weapon returns to the orc!
There is a stone staircase leading down here.
You hit the orc.
The orc is almost dead.
You feel a bit more experienced. The orc closely misses you.
The orc blocks your attack.
The orc is almost dead.
You barely miss the orc.
The orc is almost dead.
The orc hits you.
* * * LOW HITPOINT WARNING * * *
You hit the orc.
You kill the orc!
The orc throws a boomerang.
The boomerang hits you!
You die...

#..#### #(##((...
##....# #(.((####
####.### #####..###
#...###..)(.##
##).....##..#
#.........##
##........####
######...#####o[..##
#..............(@..#
#.##############.#.##
#.# #####..... #.#
##.......... #.#
#..#######.#
..#########.##
(...........#
#############


You could see an orc.

Vanquished Creatures
  An adder (D:3)
  A worm (D:3)
  4 orcs (D:3)
  3 goblins (D:3)
  2 hobgoblins
  A kobold (D:3)
12 creatures vanquished.

Notes
Turn   | Place    | Note
-------+----------+-------------------------------------------
     0 | D:1      | Hazorath the Kobold Brigand began the quest for the Orb.
     0 | D:1      | Reached XP level 1. HP: 12/12 MP: 1/1
    38 | D:3      | Reached XP level 2. HP: 18/18 MP: 2/2
   188 | D:3      | Reached XP level 3. HP: 15/22 MP: 3/3
   206 | D:3      | Hit by a boomerang thrown by an orc

Illustrated notes

Levels and vault maps discovered:
D:1:      lightli_arrival_boilingwater, layout_basic
D:2:      layout_loops_ring
D:3:      layout_rooms, vehumet_crystals, gup_sewer_entry_pipe, minivault_26

Skill      XL: |  1  2 |
---------------+-------+-----
Short Blades   | 3 |  3.3
Fighting       | |  2.8
Throwing       | |  2.8
Dodging        | |  1.7
Stealth        | |  5.3

Action                   || total
-------------------------++-------
Melee: Dagger            ||    18
Throw: Dart              ||    12
 Stab: Sleeping          ||     3
Dodge: Dodged            ||    29

Table legend: (Time is in decaauts)
 A = Elapsed time spent in this place.
 B = Non-inter-level travel time spent in this place.
 C = Inter-level travel time spent in this place.
 D = Time resting spent in this place.
 E = Time spent auto-exploring this place.
 F = Levels seen in this place.
 G = Mean time per level.
                   A        B        C        D        E       F      G
               +--------+--------+--------+--------+--------+-----+--------+
         Total |    203 |    198 |      5 |      0 |    103 |   3 |   67.7 |
       Dungeon |    203 |    198 |      5 |      0 |    103 |   3 |   67.7 |
               +--------+--------+--------+--------+--------+-----+--------+

Top non-repeatable levels by time:
     D:3: 174 daAuts
     D:1: 19 daAuts
     D:2: 9 daAuts
